 Dungeon Crawl Stone Soup version 0.19-a0-1790-g026f1ef (webtiles) character file.

40 KarmaPolice the Sneak (level 3, -6/27 HPs)
             Began as a Vampire Assassin on Oct 4, 2016.
             Mangled by a worm (9 damage)
             ... on level 2 of the Dungeon.
             The game lasted 00:08:43 (1029 turns).

KarmaPolice the Sneak (Vampire Assassin)            Turns: 1029, Time: 00:08:44

Health: -6/27      AC:  3    Str: 10    XL:     3   Next: 30%
Magic:  3/3        EV: 12    Int: 13    God:
Gold:   92         SH:  0    Dex: 16    Spells: 0 memorised, 2 levels left

rFire  . . .     SeeInvis +     a - +2 dagger
rCold  . . .     Gourm    .     c - +0 robe
rNeg   + . .     Faith    .     (no shield)
rPois  .         Spirit   .     (no helmet)
rElec  .         Dismiss  .     d - +0 cloak
rCorr  .         Reflect  .     (no gloves)
MR     .....     Harm     .     (no boots)
Stlth  ++++......               (no amulet)
                                (no ring)
                                (no ring)

@: no status effects
A: fangs 3, see invisible, unbreathing
a: Bat Form


You were on level 2 of the Dungeon.
You were not thirsty.

You visited 1 branch of the dungeon, and saw 2 of its levels.

You collected 92 gold pieces.

Inventory:

Hand Weapons
 a - a +2 dagger (weapon)
 b - a +0 blowgun
 k - a +0 whip
 l - a +0 hunting sling
 m - a +0 short sword
 o - a +0 short sword
 q - a +0 mace of protection
 t - a +0 short sword
 u - a +0 hunting sling
 v - a +0 club
Missiles
 e - 8 poisoned needles
 f - 2 curare-tipped needles
 n - 30 sling bullets
 p - 47 arrows
 r - 19 stones (quivered)
Armour
 c - a +0 robe (worn)
 d - a +0 cloak (worn)
 y - a +0 ring mail
Scrolls
 h - 4 scrolls of identify {unknown}
 i - 2 scrolls of remove curse {unknown}
 B - a scroll of teleportation {unknown}
Potions
 g - a potion of blood
 j - a potion of flight {unknown}
 s - a potion of invisibility {unknown}
 w - a potion of cure mutation {unknown}
 A - 2 potions of heal wounds {unknown}
Comestibles
 x - a beef jerky
 z - a meat ration


   Skills:
 * Level 1.9 Fighting
 * Level 2.4 Short Blades
 * Level 0.2(1.2) Slings
 * Level 1.9 Throwing
 * Level 1.2 Dodging
 * Level 7.0 Stealth


You had 2 spell levels left.
You didn't know any spells.

Dungeon Overview and Level Annotations

Branches:
Dungeon (2/15)

Altars:


Innate Abilities, Weirdness & Mutations

You have razor-sharp teeth.
You have supernaturally acute eyesight. (SInv)
You can survive without breathing.


Message History

You kill the kobold!
Things that are here:
a club; a robe You hit the worm.
The worm is moderately wounded.
The worm barely misses you.
You hit the worm but do no damage.
The worm is moderately wounded.
The worm barely misses you.
You barely miss the worm.
The worm is lightly wounded.
You hit the worm.
The worm is moderately wounded.
The worm bites you but does no damage.
You hit the worm but do no damage. You bite the worm.
The worm is heavily wounded.
You hit the worm.
The worm is severely wounded.
The worm bites you!
You die...

...... ## ### ...... ..#
###.. .. .... #..##...## #.
... #........#.. #.###
.........#.# #...#
.........#.#
###.#.##........).[.#
......
.........#..........#
......
...##.####......@..###
......
.####.#######.#.w....##....
.# .# #...#
##.............#... .#
###.####...#.......!#....#
## #......................#
# #...........#.#.)# #
#...........#..†.# #
#...........##.#.# #
#...........##.#.##


You could see a worm.

Vanquished Creatures
  An adder (D:2)
  An ooze (D:1)
  A dart slug (D:1)
  2 giant cockroaches (D:1)
  A goblin (D:2)
  4 hobgoblins
  4 kobolds
  A quokka (D:2)
  2 bats (D:1)
  4 frilled lizards
  3 rats
24 creatures vanquished.

Notes
Turn   | Place    | Note
-------+----------+-------------------------------------------
     0 | D:1      | KarmaPolice the Vampire Assassin began the quest for the Orb.
     0 | D:1      | Reached XP level 1. HP: 16/16 MP: 1/1
    96 | D:1      | Reached skill level 6 in Stealth
   322 | D:1      | Reached XP level 2. HP: 20/22 MP: 2/2
   976 | D:2      | Reached XP level 3. HP: 8/27 MP: 3/3
   984 | D:2      | Reached skill level 7 in Stealth
  1029 | D:2      | Mangled by a worm

Vault maps used:
D:1:      dpeg_arrival_court
D:2:      ecumenical_altar_1

Skill      XL: |  1  2  3 |
---------------+----------+-----
Stealth        | 6 7 |  7.0
Fighting       | |  1.9
Short Blades   | |  2.4
Slings         | |  0.2
Throwing       | |  1.9
Dodging        | |  1.2

Action                   || total
-------------------------++-------
Melee: Dagger            ||    94
       Bite              ||     6
 Stab: Sleeping          ||     3
  Eat: Corpse            ||     1
Armor: Robe              ||    14
Dodge: Dodged            ||    65
